AoeStats
← Bunderworld

Black Forest

506735022Analyzed
3v3 RM · 18d ago on Sep 14, 2026· 50m 34s· 6 players
Game mode
Random Map
Map size
Normal (6 player)
Population
200
Speed
Normal
Resources
Standard
Victory
Conquest
Starting age
Dark Age
Ending age
Imperial Age
RankedLock teamsTeams togetherTeam positionsShared explorationLock speedFull tech treeHidden civsTurbo modeCheats
Victory
Defeat
🇦🇷 Bohemians · Argentina
996
+14
🇨🇴 Bohemians · Colombia
948
+16
🇦🇷 Byzantines · Argentina
895
+18
🇩🇪 Maya · Germany
978
-17
🇹🇷 Turks · Türkiye
945
-16
🇵🇪 Hindustanis · Peru
931
-15
MehmetTs61
12:12 Feudal Age
19:25 Castle Age
18:55 Horse Collar
21:19 Heavy Plow
21:33 Double-Bit Axe
32:50 Imperial Age
30:30 Stone Mining
30:31 Gold Mining
31:52 Stone Shaft Mining
33:49 Bow Saw
37:34 Crop Rotation
38:10 Two-Man Saw
38:18 Elite Skirmisher
39:04 Thumb Ring
40:38 Padded Archer Armor
40:29 Fletching
40:40 Scale Mail Armor
40:51 Forging
41:20 Bodkin Arrow
41:41 Leather Archer Armor
41:42 Chain Mail Armor
42:56 Loom
marshall_o18
0:50 Loom
11:53 Feudal Age
16:49 Castle Age
15:10 Double-Bit Axe
17:13 Pikeman
30:31 Imperial Age
29:23 Fortified Wall
29:43 Forging
29:34 Scale Mail Armor
31:13 Squires
30:59 Arson
33:15 Onager
35:12 Chemistry
34:06 Fletching
36:18 Town Watch
37:53 Gold Mining
38:41 Iron Casting
38:02 Bodkin Arrow
38:07 Padded Archer Armor
38:25 Chain Mail Armor
42:04 Heavy Camel Rider
42:45 Husbandry
42:56 Bloodlines
42:55 Scale Barding Armor
43:51 Blast Furnace
ugurcena91
0:30 Loom
17:49 Feudal Age
19:20 Wheelbarrow
18:37 Double-Bit Axe
19:03 Town Watch
19:31 Gold Mining
22:41 Castle Age
21:03 Stone Mining
21:06 Horse Collar
21:19 Fletching
21:29 Padded Archer Armor
24:57 Hand Cart
24:43 Town Patrol
25:19 Gold Shaft Mining
25:19 Leather Archer Armor
30:52 Heavy Plow
33:50 Imperial Age
32:08 Bodkin Arrow
34:50 Bracer
35:20 Ring Archer Armor
35:15 Bow Saw
36:23 Ballistics
36:14 Masonry
35:45 Treadmill Crane
36:29 Artillery
36:51 Conscription
35:52 Elite Janissary
37:40 Two-Man Saw
38:28 Hoardings
Karambit Libertario
12:02 Feudal Age
10:46 Loom
16:01 Castle Age
16:06 Double-Bit Axe
16:10 Horse Collar
20:34 Bow Saw
22:37 Heavy Plow
24:30 Wheelbarrow
26:52 Hand Cart
27:05 Town Watch
31:24 Imperial Age
30:00 Ballistics
30:03 Wagenburg Tactics
33:18 Chemistry
32:14 Fletching
32:55 Conscription
32:09 Elite Hussite Wagon
34:16 Two-Man Saw
33:19 Houfnice
34:28 Husbandry
34:40 Forging
34:28 Bodkin Arrow
35:01 Padded Archer Armor
34:48 Treadmill Crane
35:22 Masonry
35:12 Murder Holes
35:32 Hussite Reforms
37:38 Caravan
38:13 Sanctity
38:05 Redemption
38:13 Block Printing
38:09 Fervor
38:03 Devotion
38:04 Atonement
38:30 Illumination
40:26 Coinage
45:08 Banking
44:53 Guilds
49:51 Bracer
49:57 Scale Barding Armor
50:01 Siege Engineers
50:27 Architecture
50:10 Padded Archer Armor
50:20 Forging
51:10 Heresy
51:26 Theocracy
50:47 Herbal Medicine
51:16 Faith
Bunderworld
2:12 Loom
13:00 Feudal Age
14:44 Double-Bit Axe
20:04 Castle Age
18:29 Horse Collar
21:03 Bow Saw
26:37 Town Watch
28:15 Heavy Plow
29:36 Wheelbarrow
29:44 Wheelbarrow
32:14 Imperial Age
32:27 Hand Cart
33:27 Chemistry
33:19 Masonry
36:16 Two-Man Saw
35:37 Houfnice
38:15 Town Patrol
39:07 Arrowslits
39:27 Siphons
39:35 Siphons
39:37 Siege Engineers
39:27 Murder Holes
40:03 Architecture
39:46 Fortified Wall
41:37 Caravan
42:07 Coinage
41:47 Guilds
48:02 Elite Skirmisher
49:44 Fletching
49:54 Padded Archer Armor
olmes
10:59 Loom
12:45 Feudal Age
16:40 Castle Age
15:24 Double-Bit Axe
15:24 Horse Collar
17:32 Bow Saw
17:25 Heavy Plow
20:57 Light Cavalry
29:37 Wheelbarrow
34:32 Imperial Age
33:04 Stone Mining
34:28 Husbandry
34:38 Scale Barding Armor
34:44 Forging
37:47 Two-Man Saw
37:46 Hussar
44:20 Iron Casting
44:06 Chain Barding Armor
44:08 Hand Cart
46:16 Elite Skirmisher
47:04 Fletching
47:18 Padded Archer Armor
51:03 Chemistry
50:57 Leather Archer Armor
50:38 Bodkin Arrow
Connection lost

Rejoining the realm…

Still unreachable

The connection could not be restored.

Session expired

The server has moved on; the page needs a fresh start.